 Dungeon Crawl Stone Soup version 0.29-a0-352-g0917bc69df (webtiles) character file.

Game seed: 11197418033994551194

6192 croobank the Covert (level 10, -8/66 HPs)
             Began as an Octopode Fire Elementalist on Apr 23, 2022.
             Was an Initiate of Gozag.
             Mangled by a komodo dragon (16 damage)
             ... on level 1 of the Lair of Beasts.
             The game lasted 00:49:46 (13066 turns).

croobank the Covert (Octopode Fire Elementalist)   Turns: 13066, Time: 00:49:47

Health: -8/66      AC:  1    Str:  7    XL:     10   Next: 91%
Magic:  15/18      EV: 15    Int: 23    God:    Gozag
Gold:   896        SH:  0    Dex: 12    Spells: 2/20 levels left

rFire   . . .      SeeInvis .   E - +2 lajatang (speed)
rCold   . . .      Faith    .   (shield currently unavailable)
rNeg    . . .      Spirit   .   (helmet restricted)
rPois   .          Reflect  .   j - amulet of magic regeneration
rElec   .          Harm     .   (no ring)
rCorr   .          Rampage  .   (no ring)
Will    .....                   (no ring)
Stlth   +++++.....              (no ring)
HPRegen 0.21/turn               (no ring)
MPRegen 0.56/turn               (no ring)
                                (no ring)
                                (no ring)

@: no status effects
A: almost no armour, amphibious, 8 rings, camouflage 1, gelatinous body 1,
(nimble swimmer 1), tentacles
a: Renounce Religion, Potion Petition, Call Merchant, Bribe Branch


You were on level 1 of the Lair of Beasts.
You worshipped Gozag.
Gozag was pleased with you.
You visited 3 branches of the dungeon, and saw 12 of its levels.

You collected 1083 gold pieces.
You spent 100 gold pieces at shops.
You paid 87 gold pieces to Gozag.

Inventory:

Hand Weapons
 a - a +2 mace of holy wrath
 b - a +0 hunting sling of freezing
 f - a +3 dagger
 i - a +1 dagger of flaming
 l - a +0 great mace
 q - a +0 war axe of protection
 E - a +2 lajatang of speed (weapon)
Missiles
 h - 429 stones
 s - 13 poisoned darts
 t - 7 javelins
 u - 4 boomerangs
 v - 5 atropa-tipped darts (quivered)
 A - a throwing net
Armour
 k - an orb of energy
Magical Staves
 m - a staff of fire
Jewellery
 c - an amulet of reflection
 j - an amulet of magic regeneration (around mantle)
Wands
 e - a wand of polymorph (9)
 o - a wand of flame (16)
Scrolls
 d - a scroll of fog
 n - a scroll of holy word
 w - 4 scrolls of teleportation
Potions
 g - 2 potions of attraction
 p - 3 potions of flight
 r - 2 potions of cancellation {unknown}
 x - 2 potions of might
 z - 2 potions of curing
 D - 2 potions of mutation {unknown}


   Skills:
 + Level 5.3 Fighting
 + Level 5.9 Dodging
 + Level 8.5 Stealth
 + Level 5.5 Spellcasting
 + Level 5.5 Conjurations
 + Level 6.3 Fire Magic
 + Level 4.4 Poison Magic
 * Level 8.2 Evocations


You had 2 spell levels left.
You knew the following spells:

 Your Spells              Type           Power      Damage    Failure   Level
a - Foxfire               Conj/Fire      100%       2x1d9     1%          1
b - Scorch                Fire           70%        2d8       1%          2
c - Poisonous Vapours     Pois/Air       32%        N/A       5%          2
d - Flame Wave            Conj/Fire      33%        2d8       8%          4
e - Iskenderun's Mystic   Conj/Tloc      19%        2d6       28%         4
f - Mephitic Cloud        Conj/Pois/Air  21%        N/A       7%          3
g - Corpse Rot            Necr/Air       12%        N/A       14%         2

Your spell library contained the following spells:

 Spells                   Type           Power      Damage    Failure   Level
 Magic Dart               Conj           100%       1d8       1%          1
 Animate Skeleton         Necr           12%        N/A       9%          1
 Apportation              Tloc           12%        N/A       9%          1
 Summon Small Mammal      Summ           24%        N/A       9%          1
 Call Imp                 Summ           6%         N/A       14%         2
 Sublimation of Blood     Necr           6%         N/A       14%         2
 Wereblood                Tmut           6%         N/A       14%         2
 Conjure Flame            Conj/Fire      33%        6-21      2%          3
 Ignite Poison            Fire/Tmut/Pois 22%        N/A       6%          3
 Inner Flame              Hex/Fire       20%        N/A       8%          3
 Dazzling Flash           Conj/Hex       38%        N/A       9%          3
 Freezing Cloud           Conj/Ice/Air   7%         6-21      75%         5
 Starburst                Conj/Fire      16%        6d6       77%         6
 Summon Hydra             Summ           3%         N/A       100%        7


Dungeon Overview and Level Annotations

Branches:
Dungeon (10/15)            Temple (1/1) D:4            Lair (1/6) D:8
    Orc (0/2) D:10

Altars:
Ashenzari
Cheibriados
Dithmenos
Elyvilon
Fedhas
Gozag
Hepliaklqana
Kikubaaqudgha
Makhleb
Nemelex Xobeh
Okawaru
Ru
Uskayaw
Wu Jian
Xom
Zin
The Shining One
Beogh

Shops:
D:2 :   D:5 (   D:6 *

Annotations:
D:8 Grum
D:9 2 transporters, NinjaNoafa's ghost, novice HOMo


Innate Abilities, Weirdness & Mutations

You cannot wear most types of armour.
You are amphibious.
You can wear up to eight rings at the same time.
Your skin changes colour to match your surroundings (Stealth+).
Your rubbery body absorbs attacks. (AC +1, EV +1)
((You are camouflaged when in or above water. (Stealth+)))
You have tentacles for arms and can constrict up to eight enemies at once.


Message History

Casting: Foxfire (safe; 1% risk of failure)
Confirm with . or Enter, or press ? or * to list all spells.
You conjure some foxfire!
The foxfire hits the komodo dragon but does no damage.
The komodo dragon is lightly wounded.
The foxfire hits the komodo dragon.
The komodo dragon is moderately wounded.
Casting: Foxfire (safe; 1% risk of failure)
Confirm with . or Enter, or press ? or * to list all spells.
You conjure some foxfire!
The komodo dragon barely misses you.
You hit the komodo dragon but do no damage.
You squeeze the komodo dragon, but do no damage.
The komodo dragon is moderately wounded.
The foxfire hits the komodo dragon but does no damage.
The komodo dragon is moderately wounded.
The foxfire hits the komodo dragon.
The komodo dragon is moderately wounded.
The komodo dragon bites you!!
You slash the komodo dragon!
You squeeze the komodo dragon, but do no damage.
The komodo dragon is heavily wounded.
The komodo dragon barely misses you.
You closely miss the komodo dragon.
The komodo dragon is heavily wounded.
The komodo dragon barely misses you.
You slash the komodo dragon! Your squeeze misses the komodo dragon.
The komodo dragon is severely wounded.
The komodo dragon bites you!!
* * * LOW HITPOINT WARNING * * *
Casting: Foxfire (safe; 1% risk of failure)
Confirm with . or Enter, or press ? or * to list all spells.
Flames lash the komodo dragon but do no damage.
The komodo dragon bites you!
* * * LOW HITPOINT WARNING * * *
Casting: Scorch (safe; 1% risk of failure)
Confirm with . or Enter, or press ? or * to list all spells.
Flames lash the komodo dragon but do no damage.
The komodo dragon bites you!
You die...
Your body crumbles into a pile of gold.

..#PP..#
........................
........................
........................
........................
........................
........................
.................l......
................@.......
..###.........##.##..###
..# ##........#### # ..#
#........# ..# #........#
#..# #.#
#.......######..# ..#
#......#....##..## . ###
#.........8..#...# .#
.###
#.#.........#...######..#


You could see a komodo dragon.

Vanquished Creatures
  Erica (D:9)
  2 two-headed ogres
  Pikel (D:4)
  Maggie (D:8)
  A hornet (D:5)
  A wraith (D:10)
  3 yaks (D:9)
  A wyvern (D:8)
  3 vampire mosquitoes (D:10)
  2 water moccasins (Lair:1)
  2 ice beasts
  An ogre (D:4)
  3 centaurs
  2 wolves (D:8)
  2 lemures
  2 bullfrogs (D:8)
  3 necrophages
  3 scorpions
  3 howler monkeys
  3 jellies
  5 hounds
  A gnoll shaman (D:9)
  2 orc priests (D:10)
  4 iguanas
  6 orc wizards
  13 gnolls
  3 adders
  A white imp (D:5)
  3 ufetubi
  2 worms
  2 dart slugs
  26 orcs
  8 ball pythons
  2 bats (D:2)
  5 endoplasms
  5 giant cockroaches
  9 hobgoblins
  2 jackals (D:5)
  2 quokkas
  3 training dummies (D:5)
  2 frilled lizards
  4 goblins
  6 kobolds
  4 rats
160 creatures vanquished.

Vanquished Creatures (others)
  314 foxfires
314 creatures vanquished.

Grand Total: 474 creatures vanquished

Notes
Turn   | Place    | Note
-------+----------+-------------------------------------------
     0 | D:1      | croobank the Octopode Fire Elementalist began the quest for
                  | the Orb.
     0 | D:1      | Reached XP level 1. HP: 11/11 MP: 3/3
   349 | D:1      | Reached XP level 2. HP: 17/17 MP: 1/5
   352 | D:1      | Learned a level 2 spell: Scorch
   411 | D:1      | Found a faded altar of an unknown god.
  1155 | D:1      | Learned a level 2 spell: Poisonous Vapours
  1372 | D:2      | Reached XP level 3. HP: 21/21 MP: 4/6
  1481 | D:2      | Found Vuiq Wye's Book Shop.
  2611 | D:3      | Reached XP level 4. HP: 18/27 MP: 2/7
  3184 | D:3      | Reached skill level 1 in Fighting
  3589 | D:4      | Reached skill level 1 in Evocations
  3589 | D:4      | Reached XP level 5. HP: 20/33 MP: 0/9
  3872 | D:3      | Learned a level 4 spell: Flame Wave
  3875 | D:4      | HP: 1/33 [gnoll/+0 halberd (18)]
  4205 | D:4      | Reached XP level 6. HP: 38/38 MP: 4/10
  4494 | D:4      | Reached XP level 7. HP: 34/45 MP: 1/11
  4544 | D:4      | Noticed Pikel
  5304 | D:4      | Killed Pikel
  5305 | D:4      | Reached skill level 5 in Stealth
  5305 | D:4      | Reached XP level 8. HP: 27/51 MP: 1/13
  5627 | D:4      | Learned a level 4 spell: Iskenderun's Mystic Blast
  5733 | D:4      | Found a staircase to the Ecumenical Temple.
  5742 | Temple   | Entered the Ecumenical Temple
  5750 | Temple   | Became a worshipper of Gozag Ym Sagoz the Greedy
  5822 | D:5      | Entered Level 5 of the Dungeon
  5976 | D:5      | Noticed a hornet
  6084 | D:5      | Killed a hornet
  6085 | D:5      | Reached skill level 5 in Evocations
  6648 | D:5      | Found Gowaoxku's Firing Range.
  6688 | D:5      | You fall into a shaft and drop 1 floor!
  7191 | D:6      | Reached skill level 5 in Fire Magic
  7191 | D:6      | Reached XP level 9. HP: 57/57 MP: 10/15
  7440 | D:6      | Learned a level 3 spell: Mephitic Cloud
  7656 | D:6      | Reached skill level 1 in Poison Magic
  7795 | D:6      | Found Kuppimye's Assorted Antiques.
  7799 | D:6      | Bought a scroll of teleportation for 75 gold pieces
  7799 | D:6      | Bought a scroll labelled VELINED VAUS for 25 gold pieces
  8375 | D:7      | Found an ancient bone altar of Kikubaaqudgha.
  8611 | D:8      | Noticed a two-headed ogre
  9279 | D:9      | Noticed a two-headed ogre
  9279 | D:9      | Noticed a troll
  9281 | D:9      | Noticed a kobold demonologist
  9281 | D:9      | Noticed NinjaNoafa's ghost (novice HOMo)
  9290 | D:9      | Noticed a two-headed ogre
  9330 | D:9      | Noticed a troll
  9399 | D:9      | Noticed a cane toad
  9412 | D:9      | Noticed a hornet
  9460 | D:9      | Noticed Erica
  9474 | D:9      | Killed Erica
  9475 | D:9      | Reached skill level 5 in Dodging
  9516 | D:9      | Found a transporter.
  9516 | D:9      | Noticed a polar bear
  9529 | D:9      | Found a transporter.
  9566 | D:9      | Noticed a two-headed ogre
  9576 | D:9      | Killed a two-headed ogre
  9577 | D:9      | Reached XP level 10. HP: 65/65 MP: 1/17
  9638 | D:8      | Found a staircase to the Lair.
 10221 | D:8      | Noticed Grum
 10236 | D:8      | Reached skill level 5 in Spellcasting
 10240 | D:8      | Noticed Maggie
 10345 | D:8      | Reached skill level 5 in Conjurations
 10366 | D:8      | Killed Maggie
 10993 | D:10     | Entered Level 10 of the Dungeon
 11788 | D:10     | Found a staircase to the Orcish Mines.
 11937 | D:10     | Noticed a two-headed ogre
 11955 | D:10     | Killed a two-headed ogre
 11956 | D:10     | Reached skill level 5 in Fighting
 12706 | D:9      | Learned a level 2 spell: Corpse Rot
 12779 | Lair:1   | Entered Level 1 of the Lair of Beasts
 13066 | Lair:1   | Mangled by a komodo dragon

Illustrated notes

Levels and vault maps discovered:
D:1:      beargit_arrival_greenhouse, layout_basic, shapermc_ecumenical_altar_gd
D:2:      layout_basic, serial_shops, nicolae_shop_hallway_plus
D:3:      layout_loops_ring, hangedman_decor_clover_reticule
D:4:      layout_basic, lemuel_temple_firewalk_b, uniq_pikel
D:5:      layout_gridville, nicolae_shop_firing_range
D:6:      layout_layer_cave, serial_shops, shop, columned_hall_lemuel
D:7:      layout_rooms, marbit_many_paths
D:8:      layout_loops_ring, lair_entry_dummy, uniq_grum, uniq_maggie
D:9:      layout_roguey, nzn_ghost_randoct, uniq_erica
D:10:     layout_roguey, minmay_orc_entry_temple_small,
          nicolae_trove_entry_isolated
Temple:   dpeg_three_leaves_temple
Lair:1:   layout_small_grid, grunt_megastairs_4

Skill      XL: |  1  2  3  4  5  6  7  8  9 10 |
---------------+-------------------------------+-----
Stealth        | 3 4 5 6 7 8 |  8.5
Fighting       | 1 2 3 4 5 |  5.3
Conjurations   | 2 3 4 5 |  5.5
Evocations     | 1 2 3 4 5 7 8 |  8.2
Dodging        | 3 4 5 |  5.9
Spellcasting   | 3 4 5 |  5.5
Fire Magic     | 4 5 6 |  6.3
Poison Magic   | 3 4 |  4.4

Action                   |  1- 3 |  4- 6 |  7- 9 | 10-12 || total
-------------------------+-------+-------+-------+-------++-------
Melee: Dagger            |    10 |     3 |       |       ||    13
       Tentacles         |     3 |     2 |    10 |     4 ||    19
       Constrict         |     1 |     3 |     7 |     1 ||    12
       Punch             |     1 |       |       |       ||     1
       Staff             |       |     8 |    31 |     1 ||    40
       Mace              |       |       |       |     9 ||     9
       Lajatang          |       |       |       |     6 ||     6
Throw: Throwing net      |       |       |     2 |       ||     2
       Stone             |       |       |     1 |     1 ||     2
 Cast: Foxfire           |    30 |    25 |    83 |    44 ||   182
       Scorch            |    17 |    26 |    61 |    63 ||   167
       Poisonous Vapours |     1 |       |    14 |     2 ||    17
       Flame Wave        |       |       |     2 |       ||     2
       Mephitic Cloud    |       |       |     4 |    25 ||    29
Evoke: Wand              |       |       |     1 |     1 ||     2
  Use: Scroll            |     2 |     1 |    13 |     8 ||    24
       Potion            |     2 |     1 |     6 |       ||     9
 Stab: Sleeping          |     1 |       |       |       ||     1
       Confused          |       |       |       |     1 ||     1
Armor: Skin              |     1 |     1 |     5 |       ||     7
Dodge: Dodged            |     7 |    20 |    35 |    22 ||    84

Table legend: (Time is in decaauts)
 A = Elapsed time spent in this place.
 B = Non-inter-level travel time spent in this place.
 C = Inter-level travel time spent in this place.
 D = Time resting spent in this place.
 E = Time spent auto-exploring this place.
 F = Levels seen in this place.
 G = Mean time per level.
                   A        B        C        D        E       F      G
               +--------+--------+--------+--------+--------+-----+--------+
         Total |  13100 |  12714 |    386 |   3482 |   7303 |  12 | 1091.7 |
       Dungeon |  12797 |  12420 |    377 |   3482 |   7079 |  10 | 1279.7 |
        Temple |     16 |      8 |      8 |      0 |      0 |   1 |   16.0 |
          Lair |    286 |    286 |      0 |      0 |    224 |   1 |  286.0 |
               +--------+--------+--------+--------+--------+-----+--------+

Top non-repeatable levels by time:
     D:9: 2073 daAuts
     D:3: 1916 daAuts
     D:4: 1572 daAuts
     D:6: 1311 daAuts
     D:1: 1186 daAuts
     D:2: 1138 daAuts
    D:10: 1027 daAuts
     D:8: 917 daAuts
     D:5: 871 daAuts
     D:7: 783 daAuts
  Lair:1: 286 daAuts
  Temple: 16 daAuts
